 Seeded DCSS version 0.25.1-1-g288607f (webtiles) character file.

Game seed: 12817636582 (custom seed)

14289 MercyWheel the Destroyer (level 11, -12/63 HPs)
             Began as a Deep Elf Ice Elementalist on Oct 18, 2020.
             Was an Elder of Vehumet.
             Killed from afar by Jorgrun (36 damage)
             ... with an iron shot
             ... on level 12 of the Dungeon on Oct 19, 2020.
             The game lasted 01:00:41 (15397 turns).

MercyWheel the Destroyer (DEIE)                    Turns: 15397, Time: 01:00:42

Health: -12/63     AC: 17    Str:  7    XL:     11   Next: 86%
Magic:  2/24       EV: 19    Int: 22    God:    Vehumet [****..]
Gold:   1301       SH:  0    Dex: 15    Spells: 1/24 levels left

rFire    . . .     SeeInvis .   G - +12 long sword of a ziggurat {freeze, rElec rF- rC+++ rN+}
rCold    + + +     Gourm    .   (no shield)
rNeg     + . .     Faith    .   Q - +1 robe {MR+}
rPois    .         Spirit   .   N - +1 hat {MR+}
rElec    +         Reflect  .   (no cloak)
rCorr    .         Harm     .   v - +0 pair of gloves
MR       +++..                  (no boots)
Stlth    ++........             (no amulet)
HPRegen  0.20/turn              E - ring of protection from fire (curse)
MPRegen  0.19/turn              i - +4 ring of protection

@: brilliant, icy armour
A: no striking features
a: Renounce Religion


You were on level 12 of the Dungeon.
You worshipped Vehumet.
Vehumet was greatly pleased with you.
You were hungry.

You visited 3 branches of the dungeon, and saw 15 of its levels.

You collected 1340 gold pieces.
You spent 39 gold pieces at shops.

Inventory:

Hand Weapons
 e - a +0 dagger
 x - a +2 dagger of venom
 G - the +12 long sword of a ziggurat (weapon) {freeze, rElec rF- rC+++ rN+}
   (You found it on level 4 of the Dungeon)

   It has been specially enchanted to freeze those struck by it, causing extra
   injury to most foes and up to half again as much damage against particularly
   susceptible opponents.
   It can also slow down cold-blooded creatures.
   It makes you vulnerable to fire.
   It renders you almost immune to cold.
   It insulates you from electricity.
   It protects you from negative energy.
 U - the +7 mace of Variability {chain chaos}
   (You found it on level 11 of the Dungeon)

   Each time it hits an enemy it has a different, random effect.
Missiles
 m - 10 javelins (quivered)
Armour
 a - a +0 robe of positive energy
 v - a +0 pair of gloves (worn)
 y - a +1 leather armour of fire resistance
 M - a +3 ring mail
 N - a +1 hat of magic resistance (worn)
 P - a +3 leather armour of cold resistance
 Q - a +1 robe of magic resistance (worn)
Jewellery
 i - a +4 ring of protection (right hand)
 o - an uncursed ring of protection from cold
 r - an uncursed ring of ice
 z - an uncursed ring of stealth
 E - a cursed ring of protection from fire (left hand)
Wands
 w - a wand of paralysis (6)
 L - a wand of polymorph (3)
 O - a wand of disintegration (13)
Scrolls
 b - a scroll of blinking
 d - 8 scrolls of remove curse
 g - 2 scrolls of noise {unknown}
 h - 3 scrolls of immolation {unknown}
 j - 8 scrolls of teleportation
 k - 12 scrolls of identify
 p - 3 scrolls of enchant weapon {unknown}
 t - a scroll of magic mapping {unknown}
 u - 5 scrolls of fear {unknown}
 C - 2 scrolls of fog {unknown}
 H - 3 scrolls of enchant armour {unknown}
Potions
 l - 5 potions of curing
 n - a potion of haste {unknown}
 q - a potion of resistance {unknown}
 s - 5 potions of brilliance
 A - a potion of mutation {unknown}
 B - 3 potions of flight {unknown}
 D - 4 potions of ambrosia {unknown}
 F - 2 potions of degeneration {unknown}
 I - a potion of cancellation {unknown}
 J - a potion of stabbing {unknown}
 R - a potion of berserk rage {unknown}
 S - a potion of might {unknown}
Comestibles
 c - 26 rations
 T - a chunk of flesh


   Skills:
 - Level 5.0 Fighting
 + Level 3.4 Armour
 - Level 10.0 Dodging
 - Level 2.8 Stealth
 - Level 7.4 Spellcasting
 - Level 12.3 Conjurations
 - Level 3.1 Charms
 - Level 4.4 Summonings
 - Level 10.0 Ice Magic


You had one spell level left.
You knew the following spells:

 Your Spells              Type           Power        Failure   Level  Hunger
a - Freeze                Ice            ####         1%          1    None
b - Frozen Ramparts       Ice            ######       1%          3    None
c - Magic Dart            Conj           ####         1%          1    None
d - Hailstorm             Conj/Ice       ######..     1%          4    None
e - Summon Ice Beast      Ice/Summ       ######..     4%          4    None
f - Ozocubu's Armour      Chrm/Ice       ######..     1%          3    None
g - Mephitic Cloud        Conj/Pois/Air  #####...     1%          3    None
h - Fulminant Prism       Conj/Hex       ######....   1%          4    None

Your spell library contained the following spells:

 Spells                   Type           Power        Failure   Level  Hunger
 Yara's Violent Unravell  Hex/Tmut       ##........   45%         5    None
 Animate Skeleton         Necr           N/A          8%          1    None
 Pain                     Necr           ##..         8%          1    None
 Call Imp                 Summ           #####...     1%          2    None
 Conjure Flame            Conj/Fire      ######..     1%          3    None
 Blink                    Tloc           N/A          12%         2    None
 Slow                     Hex            ##......     12%         2    None
 Vampiric Draining        Necr           ##........   24%         3    None
 Animate Dead             Necr           N/A          61%         4    None
 Agony                    Necr           ##......     91%         5    None


Dungeon Overview and Level Annotations

Branches:
Dungeon (12/15)            Temple (1/1) D:7            Lair (0/6) D:9
    Orc (2/2) D:9             Elf (0/3) Orc:2

Altars:
Ashenzari
Cheibriados
Dithmenos
Elyvilon
Fedhas
Gozag
Hepliaklqana
Kikubaaqudgha
Makhleb
Nemelex Xobeh
Okawaru
Qazlal
Ru
Sif Muna
Trog
Uskayaw
Vehumet
Wu Jian
Xom
Yredelemnul
Zin
The Shining One
Beogh

Shops:
D:5 [   Orc:1 *   Orc:2 ((?!

Annotations:
D:4 exclusion: downstairs
D:12 Jorgrun
Orc:2 exclusion: 2 upstairs


Message History

Aiming: Mephitic Cloud (safe; 1% risk of failure)
Press: ? - help, Shift-Dir - straight line, f/p - Jorgrun
Aim: Jorgrun, wielding a +0 vorpal quarterstaff and wearing a +2 robe of fire resistance (heavily wounded)
Okay, then.
Casting: Mephitic Cloud (safe; 1% risk of failure)
Confirm with . or Enter, or press ? or * to list all spells.
A film of ice covers your body! The worker ant closely misses you.
You riposte.
You slash the worker ant! You freeze the worker ant.
You kill the worker ant!
Vehumet accepts your kill.
You feel your power returning. Jorgrun misses you.
Casting: Ozocubu's Armour (safe; 1% risk of failure)
Confirm with . or Enter, or press ? or * to list all spells.
Okay, then.
It was a potion of brilliance.
You feel clever all of a sudden. Jorgrun casts a spell at you.
The iron shot hits you!!!
Ouch! That really hurt!
You die...

....'.......#'###
....#####.#.#.#
######### ....#
#.#.#.# #........
....# #.#.#.#
#......(. ....#
..#.#.#####........
#####
###.#.#............
#.#.#.###........
#.#.#.#..........
###.#.#.@g.(#######
#........†###
#.#.#.#....####
#####.#.#..........
.........##.##.###
.........##.# .#
.........##÷# .(
.........##....#.
.........#####.#


You could see Jorgrun.

Vanquished Creatures
  Gastronok (D:8)
  A stone giant (Orc:1)
  Snorg (Orc:2)
  Erolcha (Orc:2)
  An orc high priest (Orc:2)
  4 orc sorcerers
  A troll (D:9)
  4 hippogriffs
  Sigmund (D:5)
  5 yaks (D:11)
  2 chaos spawn (D:11)
  A warg (Orc:1)
  Duvessa (D:5)
  2 hell hounds (Orc:2)
  A water moccasin (D:9)
  An ice beast (D:11)
  2 black bears (D:7)
  9 orc warriors
  2 sky beasts (D:11)
  3 phantoms
  7 ogres
  2 wolves (D:9)
  3 centaurs
  A big kobold (D:12)
  5 bullfrogs
  Dowan (D:5)
  3 scorpions
  A wyvern skeleton (D:6)
  5 killer bees (D:7)
  4 electric eels (D:9)
  2 howler monkeys (D:8)
  3 bullfrog zombies
  3 crimson imps
  2 centaur zombies
  22 orc priests
  14 hounds
  25 orc wizards
  2 bullfrog skeletons
  2 centaur skeletons
  2 jellies
  A gnoll shaman (Orc:1)
  Ijyb (D:5)
  Terence (D:2)
  An iguana (D:4)
  Natasha (twice) (D:3)
  5 worker ants
  3 hound skeletons
  A worker ant zombie (D:5)
  8 gnolls
  5 adders
  3 shadow imps
  2 oozes
  2 adder skeletons
  4 worms
  4 leopard geckos
  37 orcs
  2 ball pythons (D:4)
  8 bats
  4 giant cockroaches
  7 hobgoblins
  2 jackals (D:11)
  5 quokkas
  5 frilled lizards
  8 goblins
  A jackal zombie (D:4)
  14 kobolds
  9 rats
298 creatures vanquished.

Vanquished Creatures (collateral kills)
  A cyclops (Orc:1)
  A phantom (D:4)
2 creatures vanquished.

Vanquished Creatures (others)
  10 fulminant prisms
10 creatures vanquished.

Grand Total: 310 creatures vanquished

Notes
Turn   | Place    | Note
-------+----------+-------------------------------------------
     0 | D:1      | MercyWheel the Deep Elf Ice Elementalist began the quest
                  | for the Orb.
     0 | D:1      | Reached XP level 1. HP: 10/10 MP: 6/6
   366 | D:1      | Reached XP level 2. HP: 15/15 MP: 8/8
   381 | D:1      | Reached skill level 5 in Ice Magic
   882 | D:2      | Noticed Terence
  1136 | D:1      | Reached XP level 3. HP: 19/19 MP: 10/10
  1141 | D:1      | Learned a level 3 spell: Frozen Ramparts
  1502 | D:2      | Killed Terence
  1502 | D:2      | Reached skill level 1 in Fighting
  1502 | D:2      | Reached XP level 4. HP: 25/25 MP: 5/12
  1593 | D:2      | Found a glowing golden altar of the Shining One.
  2124 | D:3      | Noticed Natasha
  2128 | D:3      | Killed Natasha
  2128 | D:3      | Reached XP level 5. HP: 24/29 MP: 6/13
  2342 | D:3      | Learned a level 1 spell: Magic Dart
  2770 | D:4      | Reached skill level 1 in Conjurations
  2777 | D:4      | Reached skill level 2 in Conjurations
  2949 | D:4      | Noticed a phantom
  3153 | D:4      | Found a sparkling altar of Nemelex Xobeh.
  3271 | D:4      | Reached skill level 3 in Conjurations
  3271 | D:4      | Reached XP level 6. HP: 34/34 MP: 10/14
  3279 | D:4      | Learned a level 4 spell: Hailstorm
  3595 | D:5      | Entered Level 5 of the Dungeon
  3595 | D:5      | Noticed Dowan
  3699 | D:5      | Found Exzil's Antique Armour Emporium.
  3735 | D:5      | Noticed Ijyb
  3740 | D:5      | Killed Ijyb
  4250 | D:5      | Noticed Duvessa
  4344 | D:6      | Found a blossoming altar of Fedhas.
  4405 | D:6      | Reached XP level 7. HP: 38/38 MP: 9/16
  4436 | D:6      | Reached skill level 5 in Spellcasting
  4476 | D:6      | Reached skill level 4 in Conjurations
  4482 | D:6      | Learned a level 4 spell: Summon Ice Beast
  4648 | D:6      | Found a sacrificial altar of Ru.
  4830 | D:6      | Reached skill level 1 in Summonings
  4837 | D:6      | Learned a level 3 spell: Ozocubu's Armour
  5003 | D:5      | Reached skill level 1 in Charms
  5241 | D:5      | Noticed Sigmund
  5248 | D:5      | Killed Sigmund
  5681 | D:6      | Found a burning altar of Makhleb.
  6042 | D:3      | Reached XP level 8. HP: 14/43 MP: 4/17
  6519 | D:3      | Noticed Natasha
  6526 | D:3      | Killed Natasha
  6713 | D:4      | Reached skill level 5 in Dodging
  6797 | D:4      | Got a bloodstained long sword
  6798 | D:4      | Identified the +12 long sword of a ziggurat {freeze, rElec
                  | rF- rC+++ rN+} (You found it on level 4 of the Dungeon)
  6905 | D:5      | Killed Duvessa
  6913 | D:5      | Killed Dowan
  6998 | D:5      | Found a shimmering blue altar of Sif Muna.
  7264 | D:7      | Found a staircase to the Ecumenical Temple.
  7292 | Temple   | Entered the Ecumenical Temple
  7433 | Temple   | Became a worshipper of Vehumet
  7446 | D:7      | Noticed a hippogriff
  7462 | D:7      | Killed a hippogriff
  7954 | D:7      | Reached XP level 9. HP: 40/52 MP: 16/18
  8688 | D:8      | Reached * piety under Vehumet
  8688 | D:8      | Offered knowledge of Shock by Vehumet.
  8869 | D:8      | Noticed Gastronok
  8942 | D:8      | Killed Gastronok
  8942 | D:8      | Reached skill level 7 in Conjurations
  9265 | D:9      | Reached skill level 8 in Conjurations
  9273 | D:9      | Noticed a troll
  9283 | D:9      | Killed a troll
  9283 | D:9      | Reached XP level 10. HP: 47/56 MP: 12/21
  9613 | D:9      | Found a staircase to the Lair.
  9640 | D:9      | Found an iron altar of Okawaru.
  9644 | D:9      | Found a staircase to the Orcish Mines.
 10112 | D:9      | Reached skill level 9 in Conjurations
 10288 | D:10     | Entered Level 10 of the Dungeon
 10392 | Orc:1    | Entered Level 1 of the Orcish Mines
 10416 | Orc:1    | Noticed a stone giant
 10424 | Orc:1    | HP: 1/56 [stone giant (13)]
 10425 | Orc:1    | Killed a stone giant
 11000 | Orc:1    | Found Bopem's Mayhem Merchandise.
 11228 | Orc:2    | Entered Level 2 of the Orcish Mines
 11228 | Orc:2    | Noticed Snorg
 11238 | Orc:2    | Killed Snorg
 11238 | Orc:2    | Reached skill level 10 in Dodging
 11350 | Orc:2    | Reached skill level 5 in Fighting
 11429 | Orc:2    | Found a staircase to the Elven Halls.
 11536 | Orc:2    | Noticed an orc sorcerer
 11553 | Orc:2    | Noticed a rust devil
 11557 | Orc:2    | Killed an orc sorcerer
 11669 | Orc:2    | Reached ** piety under Vehumet
 11669 | Orc:2    | Reached skill level 10 in Conjurations
 11670 | Orc:2    | Offered knowledge of Foxfire by Vehumet.
 11781 | Orc:2    | Noticed an orc sorcerer
 11862 | Orc:1    | Killed an orc sorcerer
 11862 | Orc:1    | Reached XP level 11. HP: 53/63 MP: 15/24
 11933 | Orc:2    | Noticed an orc sorcerer
 12008 | Orc:2    | Noticed an orc high priest
 12009 | Orc:2    | Killed an orc sorcerer
 12016 | Orc:2    | Killed an orc high priest
 12357 | Orc:2    | Reached skill level 11 in Conjurations
 12611 | Orc:2    | Noticed an orc sorcerer
 12635 | Orc:2    | Killed an orc sorcerer
 12744 | Orc:1    | Learned a level 3 spell: Mephitic Cloud
 12845 | Orc:2    | Offered knowledge of Dazzling Flash by Vehumet.
 13036 | Orc:2    | Found Jeotuq's Magic Scroll Boutique.
 13036 | Orc:2    | Found Wuat's Distillery.
 13038 | Orc:2    | Found Issaomed's Antique Weapon Shop.
 13043 | Orc:2    | Found Foxybimu's Antique Weapon Shop.
 13049 | Orc:2    | Bought a scroll of teleportation for 39 gold pieces
 13114 | Orc:2    | Found a roughly hewn altar of Beogh.
 13114 | Orc:2    | Noticed Erolcha
 13123 | Orc:2    | Reached *** piety under Vehumet
 13123 | Orc:2    | Killed Erolcha
 13123 | Orc:2    | Reached skill level 12 in Conjurations
 13920 | D:10     | Offered knowledge of Fulminant Prism by Vehumet.
 13966 | D:10     | Learned a level 4 spell: Fulminant Prism
 14613 | D:11     | Reached skill level 10 in Ice Magic
 14656 | D:11     | Reached skill level 1 in Armour
 14765 | D:11     | Reached **** piety under Vehumet
 14900 | D:11     | Offered knowledge of Yara's Violent Unravelling by Vehumet.
 14924 | D:11     | Found a shimmering altar of Xom.
 14925 | D:11     | Found the +7 mace of Variability {chain chaos}
 15377 | D:12     | Noticed Jorgrun
 15393 | D:12     | HP: 1/63 [Jorgrun/+0 vorpal quarterstaff (3)]
 15397 | D:12     | Killed from afar by Jorgrun

Illustrated notes

Levels and vault maps discovered:
D:1:      dpeg_arrival_prison, layout_basic, st_stairs_14
D:2:      layout_rooms, tso_oasis_becter, uniq_terence
D:3:      cheibrodos_helix_gallery, layout_basic, first_ration,
          grunt_ministairs_2, kennysheep_generic_room_6, uniq_natasha
D:4:      layout_basic, nemelex_xobeh_ov_fountains_minmay
D:5:      layout_loops_ring, kennysheep_little_box, serial_shops, shop,
          uniq_ijyb, uniq_sigmund, uniq_duvessa
D:6:      layout_rooms, makhleb_heckhound_becter,
          nicolae_overflow_hidden_temple, nicolae_ru_sacrificial_ziggurat
D:7:      layout_basic, temple_pool_b, grunt_ogre_cave
D:8:      layout_cave_pools, uniq_gastronok
D:9:      layout_basic, okawaru_ov_weapons_minmay, erik_lair_island
D:10:     layout_cave_pools
D:11:     layout_roguey, minmay_guarded_unrand_variability
D:12:     layout_basic, basic_altar, uniq_jorgrun
Temple:   eino_temple_rhombus
Orc:1:    layout_diamond_mine, minmay_shop_mayhem
Orc:2:    st_orc_mages, layout_diamond_mine, enter_volcano_3, basic_altar,
          uniq_erolcha, uniq_snorg

Skill      XL: |  1  2  3  4  5  6  7  8  9 10 11 |
---------------+----------------------------------+-----
Ice Magic      | 5 7 9 10 | 10.0
Spellcasting   | 4 5 6 7 |  7.4
Fighting       | 1 4 5 |  5.0
Dodging        | 4 7 10 | 10.0
Conjurations   | 3 4 8 10 12 | 12.3
Summonings     | 4 |  4.4
Charms         | 3 |  3.1
Armour         | 3 |  3.4
Stealth        | |  2.8

Action                   |  1- 3 |  4- 6 |  7- 9 | 10-12 || total
-------------------------+-------+-------+-------+-------++-------
Melee: Dagger            |    13 |    26 |    32 |       ||    71
       Unarmed           |     1 |       |       |       ||     1
       Long sword        |       |       |    44 |   171 ||   215
Throw: Javelin           |     1 |    18 |    40 |    21 ||    80
       Throwing net      |       |       |       |     1 ||     1
 Cast: Freeze            |    29 |    37 |    18 |     3 ||    87
       Frozen Ramparts   |     4 |    17 |    32 |    35 ||    88
       Magic Dart        |       |    17 |     7 |   105 ||   129
       Ozocubu's Armour  |       |       |    12 |    15 ||    27
       Summon Ice Beast  |       |       |    12 |     9 ||    21
       Hailstorm         |       |       |     2 |    44 ||    46
       Fulminant Prism   |       |       |       |    10 ||    10
Evoke: Wand              |       |     1 |     1 |     1 ||     3
  Use: Scroll            |       |     1 |       |     1 ||     2
       Potion            |       |       |       |     4 ||     4
 Stab: Sleeping          |     3 |     1 |     4 |     2 ||    10
       Paralysed         |       |     3 |     1 |       ||     4
       Distracted        |       |       |       |     2 ||     2
  Eat: Chunk             |     2 |     8 |    13 |    22 ||    45
       Ration            |       |     1 |     1 |     1 ||     3
Armor: Robe              |     2 |       |       |    29 ||    31
       Leather armour    |       |     7 |    40 |    26 ||    73
Dodge: Dodged            |    16 |    46 |   101 |   171 ||   334
       Rpst.: Long sword |       |       |    14 |    40 ||    54
